 Dungeon Crawl Stone Soup version 0.30-a0-1043-g60ff8d5f49 (webtiles) character file.

Game seed: 4786757502614430551

91 DeathPants the Stinger (level 4, -2/81 HPs)
             Began as a Naga Venom Mage on Apr 10, 2023.
             Slain by an orc priest
             ... wielding a +0 short sword
              (4 damage)
             ... on level 2 of the Dungeon.
             The game lasted 00:06:03 (1632 turns).

DeathPants the Stinger (Naga Venom Mage)            Turns: 1632, Time: 00:06:03

Health: -2/81      AC: 22    Str: 10    XL:     4   Next: 57%
Magic:  5/7        EV:  1    Int: 18    God:
Gold:   39         SH:  0    Dex: 11    Spells: 4/7 levels left

rFire   . . .      SeeInvis +    g - +1 hand axe (heavy)
rCold   . . .      Faith    .    (no shield)
rNeg    . . .      Spirit   .    d - melded +0 robe
rPois   +          Reflect  .    (helmet currently unavailable)
rElec   .          Rampage  .    (cloak currently unavailable)
rCorr   .          NoTele   +    (gloves currently unavailable)
Will    .....                    (no barding) Stlth
                                 (no amulet)
HPRegen 0.33/turn                (no ring)
MPRegen 0.10/turn                (no ring)

@: berserking, tree-form, very quick
A: stationary, stasis, torment immunity, boosted hp, AC +1, large, see
invisible, (deformed body), (poison resistance), (slowness 2), spit poison 1,
(naga tail 1)
a: Spit Poison


You were on level 2 of the Dungeon.
You were a tree.
You visited 1 branch of the dungeon, and saw 2 of its levels.

You collected 39 gold pieces.

Inventory:

Hand Weapons
 c - a +0 dagger
 g - a +1 heavy hand axe (weapon)
Armour
 d - a +0 robe (melded)
Scrolls
 a - a scroll of magic mapping {unknown}
 j - a scroll of identify {unknown}
Potions
 b - a potion of magic
 e - a potion of lignification
 h - a potion of flight {unknown}
 i - a potion of mutation {unknown}


   Skills:
 - Level 1.5 Dodging
 - Level 3.0 Stealth
 - Level 2.1 Spellcasting
 - Level 1.0 Transmutations
 + Level 2.1 Air Magic
 - Level 6.0 Poison Magic


You had 4 spell levels left.
You knew the following spells:

 Your Spells              Type           Power      Damage    Failure   Level
a - Sting                 Tmut/Pois      56%        1d5       4%          1
b - Poisonous Vapours     Pois/Air       32%        N/A       4%          2

Your spell library contained the following spells:

 Spells                   Type           Power      Damage    Failure   Level
 Olgreb's Toxic Radiance  Pois           23%        N/A       16%         4
 Mephitic Cloud           Conj/Pois/Air  11%        N/A       17%         3
 Freeze                   Ice            4%         1d3       19%         1
 Magic Dart               Conj           4%         1d3       19%         1
 Searing Ray              Conj           2%         2d4       26%         2
 Frozen Ramparts          Ice            2%         1d1       47%         3
 Hailstorm                Conj/Ice       1%         3d3       47%         3
 Fulminant Prism          Conj/Hex       0%         3d5       87%         4


Dungeon Overview and Level Annotations

Branches:
Dungeon (2/15)

Altars:


Innate Abilities, Weirdness & Mutations

You are a tree.
Your roots penetrate the ground, keeping you stationary.
You cannot be teleported.
You are immune to unholy pain and torment.
Your maximum health is greatly increased.
Your equipment is partially melded.
((Your serpentine skin is tough. (AC +1)))
You have supernaturally acute eyesight. (SInv)
((Armour fits poorly on your strangely shaped body.))
((Your system is resistant to poisons. (rPois)))
((You cover ground very slowly.))
You can spit poison.
((You have a snake-like lower body.))


Message History

The adder is almost dead.
You feel sick.
The orc priest looks satisfied for a moment.
The adder barely misses you. The adder bites you.
* * * LOW HITPOINT WARNING * * *
You are lethally poisoned!
The adder poisons you!
You closely miss the adder.
The adder is almost dead.
* * * LOW HITPOINT WARNING * * *
You feel very sick. The adder barely misses you. The adder misses you.
A rat comes into view.
The orc priest looks encouraged for a moment.
The adder closely misses you.
It was a potion of lignification.
You turn into a tree.
Your +0 robe melds into your body.
Your roots penetrate the ground.
You feel sick. The adder bites you.
* * * LOW HITPOINT WARNING * * *
It was a potion of berserk rage.
A red film seems to cover your vision as you go berserk!
You feel yourself moving faster!
You feel mighty!
* * * LOW HITPOINT WARNING * * *
You feel sick.
The adder bites you but does no damage. x2
You are too berserk!
You slice the adder!!
You kill the adder!
* * * LOW HITPOINT WARNING * * *
You feel sick.
The orc priest hits you but does no damage.
Your Air Magic skill increases to level 2!
You closely miss the orc priest.
* * * LOW HITPOINT WARNING * * *
You feel sick.
You are no longer poisoned.
The orc priest hits you but does no damage.
You slash the orc priest!
The orc priest is severely wounded.
The orc priest hits you with a +0 short sword.
You die...

#.#.........? #.#..........
#.#..........
####.#....o.....
..#........oo?.
#####.#...#.######.##########
...#.##....r# #.# .......<.#
# ##.#.....##o# #..
......##.#
#.#......#.##♣###.# ##### .#
...........##...#.### .#
.........######'#...###### ##
.........................#
........#####............#
..........# #............#
#######.#.###.......<....#
#.#...........######
#.#.........#.#


You could see an orc priest and a rat.

Vanquished Creatures
  An orc priest (D:2)
  2 adders (D:2)
  2 dart slugs (D:1)
  An orc (D:2)
  5 endoplasms
  4 giant cockroaches (D:1)
  4 goblins (D:1)
  3 jackals (D:1)
  2 kobolds
  3 ball pythons
  3 bats
  4 frilled lizards (D:1)
  A rat (D:1)
35 creatures vanquished.

Notes
Turn   | Place    | Note
-------+----------+-------------------------------------------
     0 | D:1      | DeathPants the Naga Venom Mage began the quest for the Orb.
     0 | D:1      | Reached XP level 1. HP: 15/15 MP: 3/3
   270 | D:1      | Reached XP level 2. HP: 22/22 MP: 1/5
   437 | D:1      | Reached skill level 5 in Poison Magic
   743 | D:1      | Reached XP level 3. HP: 28/28 MP: 3/6
  1476 | D:2      | Reached skill level 6 in Poison Magic
  1479 | D:2      | Learned a level 2 spell: Poisonous Vapours
  1622 | D:2      | Reached skill level 1 in Air Magic
  1622 | D:2      | Reached XP level 4. HP: 27/36 MP: 4/7
  1628 | D:2      | HP: 2/54 [adder (2)]
  1632 | D:2      | Slain by an orc priest

Illustrated notes

Levels and vault maps discovered:
D:1:      wheals_arrival_shading, layout_basic, minmay_pentomino_x2
D:2:      layout_basic, serial_shops,
          nicolae_shop_temple_entry_statues_fountains

Skill      XL: |  1  2  3  4 |
---------------+-------------+-----
Poison Magic   | 5 6 |  6.0
Air Magic      | 1 2 |  2.1
Dodging        | |  1.5
Stealth        | |  3.0
Spellcasting   | |  2.1
Transmutations | |  1.0

Action                     |  1- 3 |  4- 6 || total
---------------------------+-------+-------++-------
  Melee: Club              |     1 |       ||     1
         Unarmed           |     1 |       ||     1
         Dagger            |    35 |       ||    35
         Punch             |     2 |       ||     2
         Hand axe          |    22 |     8 ||    30
   Fire: Sling             |    11 |       ||    11
   Cast: Sting             |    29 |     1 ||    30
         Poisonous Vapours |     1 |       ||     1
    Use: Potion            |       |     2 ||     2
   Stab: Sleeping          |     1 |       ||     1
 Armour: Robe              |    18 |     1 ||    19
         Skin              |       |     4 ||     4
  Dodge: Dodged            |    37 |     8 ||    45

Table legend: (Time is in decaauts)
 A = Elapsed time spent in this place.
 B = Non-inter-level travel time spent in this place.
 C = Inter-level travel time spent in this place.
 D = Time resting spent in this place.
 E = Time spent auto-exploring this place.
 F = Levels seen in this place.
 G = Mean time per level.
                   A        B        C        D        E       F      G
               +--------+--------+--------+--------+--------+-----+--------+
         Total |   2094 |   2094 |      0 |     19 |   1580 |   2 | 1047.0 |
       Dungeon |   2094 |   2094 |      0 |     19 |   1580 |   2 | 1047.0 |
               +--------+--------+--------+--------+--------+-----+--------+

Top non-repeatable levels by time:
     D:1: 1837 daAuts
     D:2: 257 daAuts
